Unix NetHack Version 5.0.0-0 post-release - last build Jun 10 2026 00:39:30 (3ee93aec679c4c4259841fe613dc97188e26a321,branch:main).

Game began 2026-06-15 11:39:33, ended 2026-06-15 12:13:33.

LDaviesPeters, neutral female human Archeologist

                                                  ------
                                                  |$$$e%#r
                                                  |$$$.| #
                                                  |$$$.| #
                                                  |$p$.| #
                                                  |e$$.| rr
                                                  ----|-  @r
                                                           r
                                                           f
                                                      :    #
                                                      :    ###
                                                             #
                                                             ###-----
                                                       dd      #-...|
                                                                |...|
                                                                |..<|
                                                                -----

LDaviesPeters the Field Worker  St:13 Dx:8 Co:14 In:17 Wi:15 Ch:10  Neutral
Dlvl:7  $:0  HP:0(31) Pw:16(16) AC:5  Xp:4 T:3498  Hungry  

Latest messages:
 "Doth pain excite thee?  Wouldst thou prefer the whip?"
 The imp starts to attack you, but pulls back.
 You finish your prayer.
 You feel that Camaxtli is well-pleased.
 You feel much better.
 You lash the imp!
 The imp hits!
 You miss the imp.
 The imp hits!
 You lash the imp!
 The imp hits!
 "Thou hadst best fight better than thou canst dress!"
 You lash the imp.
 The imp hits!
 You kill the imp!
 You descend the stairs.
 You are beginning to feel hungry.
 You hear some noises in the distance.
 The housecat misses the wererat.
 The housecat misses the wererat.
 You stop.  Your housecat is in the way!
 The wererat summons help!
 A rabid rat suddenly appears next to you!
 A sewer rat suddenly appears next to you!
 A sewer rat suddenly appears next to you!
 A rabid rat suddenly appears close by!
 A sewer rat suddenly appears close by!
 The wererat bites!
 You feel feverish.
 You lash the wererat!
 The sewer rat bites!
 The sewer rat misses!
 The rabid rat bites!
 The rabid rat's bite was poisoned!
 The poison doesn't seem to affect you.
 You hear some noises.
 The wererat bites!
 You lash the wererat!
 The sewer rat bites!
 The sewer rat just misses!
 The rabid rat bites!
 The wererat bites!
 You lash the wererat!
 The wererat turns to flee.
 The sewer rat misses!
 The sewer rat bites!
 The rabid rat bites!
 The wererat bites!
 You die...
 Do you want your possessions identified? [ynq] (y) q

Inventory:
 Amulets  ('"')
  P - an uncursed amulet of ESP (being worn)
 Weapons  (')')
  n - a +0 orcish dagger
  a - a +2 bullwhip (weapon in right hand)
  D - a +0 morning star
 Armor    ('[')
  A - an uncursed +0 dwarvish iron helm (being worn)
  Q - an uncursed +0 orcish helm
  G - an uncursed +0 pair of elven boots (being worn)
  B - an uncursed +0 alchemy smock with text "Don't make me poison you" (being worn)
  h - an uncursed +0 leather jacket (being worn)
 Comestibles  ('%')
  d - 2 uncursed food rations
  L - 2 uncursed lembas wafers
 Tools    ('(')
  b - an uncursed sack containing 3 items
  p - a +0 pick-axe
  f - a tinning kit (0:80)
 Gems/Stones  ('*')
  g - an uncursed touchstone

Contents of the sack:
  134 gold pieces
  2 uncursed scrolls of blank paper
  an uncursed potion of gain energy

LDaviesPeters the Archeologist's attributes:

Background:
 You were a Field Worker, a level 4 female human Archeologist.
 You were neutral, on a mission for Camaxtli
 who was opposed by Quetzalcoatl (lawful) and Huhetotl (chaotic).
 You were right-handed.
 You were in the Dungeons of Doom, on level 7.
 You entered the dungeon 3498 turns ago.
 There was a new moon in effect when your adventure ended.
 You had 136 experience points, 24 more were needed to attain level 5.

Basics:
 You had 0 out of 31 hit points.
 You had all 16 energy points (spell power).
 Your armor class was 5.
 Your wallet was empty, but
 you had 134 zorkmids stashed away in your pack.
 Autopickup was off.

Final Characteristics:
 Your strength was 13 (limit:18/100).
 Your dexterity was 8 (limit:18).
 Your constitution was 14 (limit:18).
 Your intelligence was 17 (limit:18).
 Your wisdom was 15 (limit:18).
 Your charisma was 10 (limit:18).

Final Status:
 You were hungry.
 You were unencumbered.
 You were wielding a whip.
 You were skilled in whip.

Final Attributes:
 You were piously aligned.
 You were poison resistant.
 You were acid resistant.
 Your items were protected from acid.
 You were level-drain resistant.
 You were telepathic.
 You had automatic searching.
 You were stealthy.
 You were warded.
 You were a wererat.
 You were harmed by silver.
 You are dead.

Miscellaneous:
 You didn't encounter any bones levels.
 Total elapsed playing time was 33 minutes and 59 seconds.

Major events:
 Turn
    1: LDaviesPeters the neutral female human Archeologist entered the dungeon
  453: entered the Gnomish Mines
 1687: attained the rank of Field Worker (level 3)
 3498: killed by a wererat

You didn't know any spells.

Skills:
 Fighting Skills
   bare handed combat [Unskilled]
   two weapon combat  [Unskilled]
   riding             [Unskilled]
 Weapon Skills
   dagger             [Unskilled]
   knife              [Unskilled]
   pick-axe           [Basic]
   short sword        [Unskilled]
   saber              [Unskilled]
   club               [Unskilled]
   quarterstaff       [Unskilled]
   sling              [Unskilled]
   dart               [Unskilled]
   boomerang          [Unskilled]
   whip               [Skilled]
   unicorn horn       [Unskilled]
 Spellcasting Skills
   attack spells      [Unskilled]
   healing spells     [Unskilled]
   divination spells  [Unskilled]
   matter spells      [Unskilled]

Voluntary challenges:
 Character rerolling was not enabled.
 You never genocided any monsters.
 You never polymorphed an object.
 You never changed form.
 You used no wishes.
Achievements:
 You entered the Gnomish Mines.
 You entered a shop.
 You attained the rank of Field Worker.

 The Dungeons of Doom: levels 1 to 7
    Level 1:
       Some fountains, a grave.
    Level 2:
       Stairs down to The Gnomish Mines.
    Level 3:
       An armor shop, a fountain.
    Level 4:
       A fountain.
    Level 5:
       A fountain.
    Level 6:
       An altar to Camaxtli, a fountain, a sink.
    Level 7: <- You were here.
       Final resting place for
          you, killed by a wererat.
 The Gnomish Mines:
    Level 3:


Vanquished creatures:
 an imp
  a rock piercer
  a pony
  a shrieker
  a violet fungus
  a paper golem
  a giant ant
  a little dog
  a homunculus
  a rabid rat
  a werejackal
  a coyote
  a large kobold
  a hobgoblin
  a giant rat
  a green mold
  a gnome zombie
  3 geckos
 12 jackals
  2 goblins
  2 sewer rats
  8 grid bugs
  a bat
  8 newts
53 creatures vanquished.

No species were genocided or became extinct.

Game over:
                       ----------
                      /          \
                     /    REST    \
                    /      IN      \
                   /     PEACE      \
                  /                  \
                  |  LDaviesPeters   |
                  |      134 Au      |
                  |   killed by a    |
                  |     wererat      |
                  |                  |
                  |                  |
                  |       2026       |
                 *|     *  *  *      | *
        _________)/\\_//(\/(/\)/\//\/|_)_______

Goodbye LDaviesPeters the Archeologist...

You died in The Dungeons of Doom on dungeon level 7 with 965 points,
and 134 pieces of gold, after 3498 moves.
You were level 4 with a maximum of 31 hit points when you died.

